[Event "Titled Tuesday Blitz June 20 Early 2023"]
[White "Raja Rithvik R"]
[Black "Nakamura, Hikaru"]
[WhiteFideId "35007394"]
[BlackFideId "2016192"]
[WhiteElo "2395"]
[BlackElo "2874"]
[Result "0-1"]
[Round "3"]
[TimeControl "180+2"]
[Date "2023.06.20"]
[WhiteClock "0:00:00"]
[BlackClock "0:01:00"]
[Board "2"]

1. d4 g6 2. e4 Bg7 3. Nf3 d6 4. Be2 Nd7 5. Nc3 e5 6. O-O Ngf6 7. h3 O-O 8. Re1 a6 9. a4 b6 10. Bg5 h6 11. Be3 Bb7 12. Qd2 Kh7 13. dxe5 dxe5 14. Rad1 Qc8 15. Bc4 Qe8 16. Bd5 Nxd5 17. Nxd5 Rc8 18. b4 Qe6 19. c4 Nf6 20. Bg5 Ng8 21. b5 axb5 22. axb5 f6 23. Be3 Rfd8 24. Ra1 c6 25. bxc6 Rxc6 26. Ra7 Rd7 27. Qb4 Bc8 28. Rxd7 Bxd7 29. Nxb6 Be8 30. c5 Ne7 31. Rd1 f5 32. exf5 gxf5 33. Rd6 Qa2 34. Rxc6 Nxc6 35. Qh4 f4 36. Bd2 Qc2 0-1


[Site "https://www.chess.com"]

[Event "Titled Tuesday Blitz June 20 Early 2023"]
[White "Nihal Sarin"]
[Black "Pakleza, Zbigniew"]
[WhiteFideId "25092340"]
[BlackFideId "1119290"]
[WhiteElo "2689"]
[BlackElo "2410"]
[Result "1-0"]
[Round "3"]
[TimeControl "180+2"]
[Date "2023.06.20"]
[WhiteClock "0:01:13"]
[BlackClock "0:00:08"]
[Board "3"]

1. d4 d5 2. c4 c6 3. Nc3 Nf6 4. e3 g6 5. Nf3 Bg7 6. Be2 Bg4 7. cxd5 cxd5 8. Qb3 Bc8 9. O-O O-O 10. Bd2 Nc6 11. Rfc1 Na5 12. Qb4 Nc6 13. Qa3 Re8 14. h3 e5 15. dxe5 Nxe5 16. Nb5 Ne4 17. Be1 Bf8 18. Qb3 Nc5 19. Qd1 a6 20. Nbd4 Ne4 21. Qc2 Bg7 22. Qc7 Qf6 23. Nxe5 Qxe5 24. Qxe5 Bxe5 25. Rd1 Bd7 26. Rab1 Rad8 27. Nf3 Bf5 28. Nxe5 Rxe5 29. Rbc1 Re6 30. g4 Rb6 1-0


[Site "https://www.chess.com"]

[Event "Titled Tuesday Blitz June 20 Early 2023"]
[White "Cherniaiev, Tykhon"]
[Black "Vachier-Lagrave, Maxime"]
[WhiteFideId "14182360"]
[BlackFideId "623539"]
[WhiteElo "2450"]
[BlackElo "2739"]
[Result "0-1"]
[Round "3"]
[TimeControl "180+2"]
[Date "2023.06.20"]
[WhiteClock "0:00:01"]
[BlackClock "0:00:03"]
[Board "4"]

1. Nf3 d5 2. d4 Nf6 3. c4 c6 4. e3 Bf5 5. Bd3 Bxd3 6. Qxd3 e6 7. O-O Nbd7 8. Nbd2 Bb4 9. e4 Bxd2 10. Nxd2 dxe4 11. Nxe4 Nxe4 12. Qxe4 O-O 13. Be3 Re8 14. Rfd1 Qa5 15. Qc2 Rad8 16. a3 Nf6 17. h3 Qh5 18. Rac1 h6 19. Re1 Rd7 20. Rcd1 Red8 21. f3 Ne8 22. Bf2 Nd6 23. Re5 Nf5 24. d5 Qg6 25. Bxa7 cxd5 26. cxd5 Qg3 27. Qe2 Nh4 28. Re4 Rxd5 29. Rxd5 Rxd5 30. Rd4 Re5 31. Re4 Rxe4 32. fxe4 Qb3 33. Qf2 Ng6 34. Bd4 e5 35. Bc3 f6 36. Qf5 Qd1+ 37. Kh2 Kh7 38. h4 h5 39. a4 Kh6 40. Qf2 Qg4 41. Qe3+ Nf4 42. Qg3 Qe2 43. Bb4 Qxe4 44. Bf8 Ng6 45. Bc5 Kh7 46. b4 Nxh4 47. a5 Nf5 48. Qf3 Qh4+ 49. Kg1 Qg5 50. Qxb7 Qc1+ 51. Kh2 h4 52. Qe4 g6 53. a6 Kg7 54. a7 Ng3 55. Qxh4 Nf1+ 56. Kh3 Qa3+ 57. g3 Qf3 58. a8=Q Qxa8 59. Qg4 Qh1# 0-1


[Site "https://www.chess.com"]

[Event "Titled Tuesday Blitz June 20 Early 2023"]
[White "Martinez Alcantara, Jose Eduardo"]
[Black "Yuan, Qingyu"]
[WhiteFideId "3805662"]
[BlackFideId "8609772"]
[WhiteElo "2711"]
[BlackElo "2359"]
[Result "1-0"]
[Round "3"]
[TimeControl "180+2"]
[Date "2023.06.20"]
[WhiteClock "0:01:08"]
[BlackClock "0:00:06"]
[Board "5"]

1. e4 e5 2. Nf3 Nc6 3. Bb5 Nf6 4. d3 Bc5 5. O-O Nd4 6. Be3 Nxf3+ 7. Qxf3 Bxe3 8. fxe3 O-O 9. Bc4 d6 10. Nd2 Be6 11. h3 d5 12. exd5 Bxd5 13. Qg3 Re8 14. e4 Be6 15. Kh1 Nd7 16. Bxe6 Rxe6 17. Nc4 Rg6 18. Qh2 Qe8 19. Ne3 Rc6 20. Rf2 f6 21. Qg3 Nf8 22. Raf1 Kh8 23. Nd5 Rd8 24. Ne3 Re6 25. Nf5 Rd7 26. Qe3 Rb6 27. b3 Ne6 28. g3 Rc6 29. Kh2 Nd4 30. Nxd4 Rxd4 31. g4 h6 32. h4 Kh7 33. Rg1 g5 34. Rgf1 Kg7 35. Kg3 Rdd6 36. Qf3 Qd7 37. Kh2 Qe6 38. Kg2 Rd8 39. Rh1 Rh8 40. Rh3 Rd6 41. Kg3 c5 42. Rfh2 Rdd8 43. Rh1 b6 44. a4 Rb8 45. Qf2 Rbd8 46. a5 b5 47. Qxc5 Qd7 48. hxg5 hxg5 49. Rxh8 Rxh8 50. Rxh8 Kxh8 51. Qf8+ Kh7 52. Qxf6 Qd4 53. Qf7+ Kh8 54. Qh5+ Kg8 55. Qxg5+ Kf8 56. Qf5+ Ke7 57. Qf2 Qd7 58. g5 a6 59. Qf6+ Ke8 60. Qh8+ Ke7 61. Qh7+ Ke6 62. Qxd7+ Kxd7 63. Kh4 Ke8 64. Kh5 Kf8 65. Kh6 Kg8 66. Kg6 b4 67. Kh6 Kf7 68. Kh7 1-0


[Site "https://www.chess.com"]

[Event "Titled Tuesday Blitz June 20 Early 2023"]
[White "Rohith Krishna S"]
[Black "Sadhwani, Raunak"]
[WhiteFideId "46617051"]
[BlackFideId "35093487"]
[WhiteElo "2270"]
[BlackElo "2631"]
[Result "0-1"]
[Round "3"]
[TimeControl "180+2"]
[Date "2023.06.20"]
[WhiteClock "0:00:10"]
[BlackClock "0:00:05"]
[Board "6"]

1. d4 Nf6 2. c4 g6 3. Nc3 Bg7 4. Nf3 d6 5. g3 O-O 6. Bg2 Nc6 7. d5 Na5 8. Nd2 c5 9. O-O a6 10. Qc2 Bd7 11. Rb1 b5 12. b3 Rb8 13. Bb2 e5 14. e4 bxc4 15. bxc4 Nh5 16. Ne2 Nb7 17. Bc3 Qc7 18. Rb2 Nd8 19. Rfb1 Ra8 20. Rb6 a5 21. f4 exf4 22. gxf4 Bxc3 23. Qxc3 Bg4 24. Bf3 Bxf3 25. Qxf3 f6 26. Ng3 Ng7 27. Qd3 Nf7 28. Rb7 Qc8 29. Kg2 Re8 30. Qc3 Qd8 31. Nf3 Re7 32. R7b6 Re8 33. Qb2 a4 34. Rb7 Re7 35. a3 Rxb7 36. Qxb7 Qe8 37. Rb6 Rd8 38. Rc6 f5 39. exf5 Nxf5 40. Nxf5 gxf5 41. Rc7 Rb8 42. Re7 Rxb7 43. Rxe8+ Kg7 44. Ra8 Rb2+ 45. Kg3 Rb3 46. Rxa4 Rc3 47. Kf2 Nh6 48. h3 Ng8 49. Ra7+ Kg6 50. Ra6 Nf6 51. Rxd6 Kg7 52. Ng5 Rxc4 53. Rd8 Rxf4+ 54. Kg3 Ra4 55. Ne6+ Kf7 56. Nf4 Rxa3+ 57. Kh4 h6 58. Rc8 Ra4 59. Rc7+ Ke8 60. Rc6 Rxf4+ 61. Kg3 Nxd5 62. Rxc5 Rd4 63. Rc6 Kf7 64. Rxh6 Nf6 65. Rh8 Kg7 66. Rc8 Nh5+ 67. Kf3 Rd3+ 68. Kg2 Nf4+ 69. Kf2 Nxh3+ 70. Kf1 Ng5 71. Rc6 Re3 72. Kf2 Re6 73. Rc5 Ne4+ 0-1


[Site "https://www.chess.com"]

[Event "Titled Tuesday Blitz June 20 Early 2023"]
[White "Lazavik, Denis"]
[Black "Renjith, Sravan"]
[WhiteFideId "13515110"]
[BlackFideId "4306783"]
[WhiteElo "2560"]
[BlackElo "2104"]
[Result "1-0"]
[Round "3"]
[TimeControl "180+2"]
[Date "2023.06.20"]
[WhiteClock "0:00:13"]
[BlackClock "0:00:04"]
[Board "7"]

1. d4 d5 2. c4 e6 3. Nc3 c5 4. cxd5 exd5 5. Nf3 Nc6 6. g3 Nf6 7. Bg2 Be7 8. O-O O-O 9. Bg5 c4 10. e3 Be6 11. Ne5 h6 12. Bxf6 Bxf6 13. f4 Bxe5 14. fxe5 b5 15. a3 Rb8 16. Qf3 Ne7 17. Rad1 f6 18. exf6 Rxf6 19. Qh5 Bf7 20. Qe2 Rxf1+ 21. Rxf1 a5 22. Qf3 Be6 23. e4 dxe4 24. Qxe4 Rb6 25. d5 Bf7 26. Re1 b4 27. Na4 Rb7 28. d6 Nd5 29. Nc5 Qb6 30. Qd4 Nf6 31. Bxb7 Nd7 32. axb4 axb4 33. Ne6 Qxb7 34. Qxg7# 1-0


[Site "https://www.chess.com"]

[Event "Titled Tuesday Blitz June 20 Early 2023"]
[White "Priasmoro, Novendra"]
[Black "Bluebaum, Matthias"]
[WhiteFideId "7105029"]
[BlackFideId "24651516"]
[WhiteElo "2412"]
[BlackElo "2639"]
[Result "0-1"]
[Round "3"]
[TimeControl "180+2"]
[Date "2023.06.20"]
[WhiteClock "0:00:02"]
[BlackClock "0:00:07"]
[Board "8"]

1. e4 e6 2. d4 d5 3. Nc3 Nf6 4. e5 Nfd7 5. f4 c5 6. Nf3 Nc6 7. Be3 a6 8. Qd2 b5 9. Ne2 b4 10. g3 a5 11. Bg2 Ba6 12. O-O cxd4 13. Nfxd4 Nxd4 14. Bxd4 Bc5 15. Rfe1 Bxe2 16. Rxe2 Qb6 17. Bxc5 Qxc5+ 18. Kh1 O-O 19. a3 g6 20. h4 h5 21. f5 exf5 22. Qxd5 Rad8 23. e6 Qxd5 24. Bxd5 fxe6 25. Rxe6 Kg7 26. axb4 Nf6 27. Bb3 axb4 28. Ra7+ Kh6 29. Raa6 Kg7 30. Re7+ Kh6 31. Bf7 Rd1+ 32. Kg2 Rd2+ 33. Kf1 Kg7 34. Bb3+ Kh6 35. Bf7 Kg7 36. Ke1 Rd7 37. Rxd7 Nxd7 38. Bxg6 Ne5 39. Bxh5 f4 40. gxf4 Rxf4 41. Re6 Re4+ 42. Kf1 Rf4+ 43. Kg2 Nc4 44. b3 Na3 45. Kg3 Rf1 46. Bg6 Rg1+ 47. Kf4 Rxg6 48. Re7+ Kh6 49. Rc7 Rg2 50. Rc6+ Kh5 51. c3 bxc3 52. Rxc3 Rg4+ 53. Kf3 Rb4 54. Kg3 Nb5 55. Rc5+ Kh6 56. Rc4 Rxb3+ 57. Kg4 Nd6 58. Rc6 Rd3 59. Kf4 Kh7 60. h5 Rd1 61. Kg5 Nf7+ 62. Kf6 Rf1+ 63. Ke7 Ng5 64. Rg6 Re1+ 65. Kf6 Ne4+ 66. Kf5 Nc3 67. Kg5 Rg1+ 68. Kf5 Rf1+ 69. Kg5 Ne4+ 70. Kg4 Nf6+ 71. Kg5 Ng8 72. Ra6 Rg1+ 73. Kf4 Rb1 74. Kg5 Rb5+ 75. Kf4 Nh6 76. Ra7+ Kg8 77. Ra6 Kg7 78. Rg6+ Kh7 79. Rg5 Rb4+ 80. Kf3 Ra4 81. Rg6 Nf5 82. Rf6 Ng7 83. h6 Nh5 84. Re6 Rf4+ 85. Ke3 Rf8 86. Ke4 Nf6+ 87. Kf5 Ng8+ 88. Kg5 Ra8 89. Re5 Ra6 90. Rb5 Rg6+ 91. Kf5 Nxh6+ 92. Kf4 Rg4+ 93. Kf3 Rg8 94. Rb6 Nf5 95. Kf4 Ng7 96. Rb7 Kg6 97. Rb6+ Kf7 98. Ke5 Re8+ 99. Kf4 Ra8 100. Rb7+ Kf6 101. Rb6+ Ne6+ 102. Ke4 Ra5 103. Rb4 Rh5 104. Rb6 Ke7 105. Kf3 Rh4 106. Kg3 Ra4 107. Rc6 Kf6 108. Rb6 Kf5 109. Rb5+ Ke4 110. Rb6 Ra3+ 111. Kg4 Nd4 112. Rb8 Nc6 113. Re8+ Ne5+ 114. Kg5 Ra6 115. Rg8 Nf7+ 116. Kh5 Kf4 117. Rg4+ Kf5 118. Kh4 Ne5 119. Rg8 Ra3 120. Rf8+ Ke4 121. Rf6 Nf3+ 122. Kg4 Nd4 123. Rf4+ Ke5 124. Rf8 Ra1 125. Re8+ Ne6 126. Re7 Ra3 127. Re8 Ra4+ 128. Kf3 Kf5 129. Ke3 Ra3+ 130. Ke2 Nf4+ 131. Kd2 Nd5 132. Ke2 Kf4 133. Kd2 Nf6 134. Re6 Ne4+ 135. Ke2 Ra2+ 136. Kd3 Nc5+ 0-1


[Site "https://www.chess.com"]

[Event "Titled Tuesday Blitz June 20 Early 2023"]
[White "Grischuk, Alexander"]
[Black "Amilal Munkhdalai"]
[WhiteFideId "4126025"]
[BlackFideId "4903250"]
[WhiteElo "2721"]
[BlackElo "2293"]
[Result "1-0"]
[Round "3"]
[TimeControl "180+2"]
[Date "2023.06.20"]
[WhiteClock "0:00:31"]
[BlackClock "0:00:31"]
[Board "9"]

1. Nf3 Nf6 2. g3 d5 3. Bg2 Bg4 4. O-O Nbd7 5. d4 c6 6. c4 e6 7. cxd5 exd5 8. h3 Bxf3 9. exf3 Be7 10. Nc3 O-O 11. h4 Bd6 12. Qd3 Re8 13. Bh3 Qc7 14. Kg2 Nf8 15. Bg5 N6d7 16. Rac1 Qb8 17. Rfe1 h6 18. Bd2 Rxe1 19. Rxe1 Nf6 20. Nd1 a5 21. a3 a4 22. Ne3 Qc7 23. Nf5 Re8 24. Rxe8 Nxe8 25. Qc2 b5 26. Qd1 Nd7 27. Qe1 Kf8 28. Ba5 Nb6 29. Nxd6 Nxd6 30. Qb4 Kg8 31. Bxb6 Qxb6 32. Qxd6 Qxd4 33. h5 Qxb2 34. Bf5 g5 35. hxg6 fxg6 36. Qxg6+ Kf8 37. Qxh6+ Ke7 38. Qe6+ Kf8 39. Qd6+ Kf7 40. Be6+ Kg7 41. Qe7+ Kh6 42. f4 b4 43. Qg5+ Kh7 44. Bf5+ Kh8 45. Qh6+ 1-0


[Site "https://www.chess.com"]

[Event "Titled Tuesday Blitz June 20 Early 2023"]
[White "Srihari L R"]
[Black "Paravyan, David"]
[WhiteFideId "46617116"]
[BlackFideId "4194985"]
[WhiteElo "2334"]
[BlackElo "2563"]
[Result "0-1"]
[Round "3"]
[TimeControl "180+2"]
[Date "2023.06.20"]
[WhiteClock "0:00:01"]
[BlackClock "0:01:35"]
[Board "10"]

1. d4 d5 2. c4 e6 3. Nc3 Nf6 4. Bg5 Be7 5. e3 h6 6. Bh4 O-O 7. Qc2 c5 8. dxc5 dxc4 9. Bxc4 Qa5 10. Nf3 Qxc5 11. Be2 b6 12. O-O-O Bb7 13. Kb1 Nc6 14. a3 Rac8 15. Rhg1 Ne5 16. Nd4 Ne4 17. Bg3 Nxc3+ 18. Qxc3 Qxc3 19. bxc3 Nc4 20. Bxc4 Rxc4 21. Kb2 Rfc8 22. Nb5 R8c5 23. Nd6 Bxd6 24. Bxd6 Rb5+ 25. Ka2 Rxc3 26. Rc1 Bd5+ 27. Ka1 Rbb3 28. Rxc3 Rxc3 29. Bb4 Rc2 30. f3 a5 31. Bd6 b5 32. e4 Bc4 33. h4 f6 34. g4 Rd2 35. e5 fxe5 36. Bxe5 Rd3 37. f4 Rxa3+ 38. Kb2 Rb3+ 39. Kc2 Rf3 40. h5 b4 41. g5 Rf2+ 42. Kc1 Kf7 43. gxh6 gxh6 44. Rg7+ Ke8 45. Ra7 Ra2 46. Bd6 b3 47. Kb1 Bd3+ 0-1


[Site "https://www.chess.com"]

[Event "Titled Tuesday Blitz June 20 Early 2023"]
[White "Pranav, V"]
[Black "Pulpan, Jakub"]
[WhiteFideId "25060783"]
[BlackFideId "302759"]
[WhiteElo "2533"]
[BlackElo "2484"]
[Result "1-0"]
[Round "3"]
[TimeControl "180+2"]
[Date "2023.06.20"]
[WhiteClock "0:00:10"]
[BlackClock "0:00:03"]
[Board "11"]

1. d4 Nf6 2. Nc3 d5 3. Bf4 c5 4. e3 cxd4 5. exd4 a6 6. Nf3 Bg4 7. h3 Bxf3 8. Qxf3 e6 9. O-O-O Bd6 10. g4 Nc6 11. g5 Bxf4+ 12. Qxf4 Ng8 13. h4 Nge7 14. a3 Nf5 15. Bh3 Qd6 16. Qxd6 Nxd6 17. Rhe1 Kf8 18. Na4 Re8 19. Nc5 Re7 20. f4 g6 21. Bg4 h5 22. Bh3 Kg7 23. c3 Rc8 24. Kb1 Nb8 25. Nd3 Nd7 26. Nb4 Ree8 27. Nxd5 exd5 28. Bxd7 Rxe1 29. Rxe1 Rc7 30. Bh3 Kf8 31. Re5 Re7 32. Rxd5 Nc4 33. Rc5 b5 34. f5 gxf5 35. b3 Nd2+ 36. Kc2 Re2 37. Kd3 Rh2 38. Bxf5 Nxb3 39. Rc8+ Ke7 40. Rc7+ Kf8 41. Be4 Rxh4 42. Bd5 Na5 43. Rxf7+ Ke8 44. g6 Rh3+ 45. Ke4 Nc4 46. g7 Nd6+ 47. Kf4 Rh4+ 48. Kf3 Rg4 49. Rf8+ Ke7 50. g8=Q Rxg8 51. Rxg8 Nf5 52. Rh8 h4 1-0


[Site "https://www.chess.com"]

[Event "Titled Tuesday Blitz June 20 Early 2023"]
[White "Tristan, Leonardo"]
[Black "Korobov, Anton"]
[WhiteFideId "113816"]
[BlackFideId "14105730"]
[WhiteElo "2461"]
[BlackElo "2638"]
[Result "0-1"]
[Round "3"]
[TimeControl "180+2"]
[Date "2023.06.20"]
[WhiteClock "0:00:00"]
[BlackClock "0:00:31"]
[Board "12"]

1. d4 Nf6 2. Nf3 d5 3. Bf4 Bf5 4. e3 e6 5. c4 c6 6. Nc3 Nbd7 7. Qb3 Qc8 8. cxd5 exd5 9. Rc1 Be7 10. Nb5 O-O 11. Nc7 Rb8 12. Nb5 Ra8 13. Nd6 Bxd6 14. Bxd6 Re8 15. h3 Ne4 16. Bh2 Qd8 17. a3 Qb6 18. Qxb6 axb6 19. Be2 b5 20. Nd2 Nb6 21. Nxe4 Bxe4 22. f3 Bg6 23. Kd2 Nc4+ 24. Bxc4 bxc4 25. g4 b5 26. Bf4 f6 27. h4 Bd3 28. Kc3 Ra4 29. Rh2 Kf7 30. h5 Ke6 31. Rd2 Re7 32. Rxd3 cxd3 33. Kxd3 Kd7 34. Kc3 Rc4+ 35. Kd2 Rxc1 36. Kxc1 g5 37. hxg6 hxg6 38. g5 fxg5 39. Bxg5 Rh7 40. f4 Rh2 41. f5 gxf5 42. Bf4 Rg2 43. Kb1 Kc8 44. Ka2 Kb7 45. Kb3 Kb6 46. Kc3 Re2 47. Kb3 c5 48. dxc5+ Kxc5 49. Kc3 Rf2 50. Be5 Rf3 51. Kd3 Rh3 52. Bd4+ Kc6 53. Be5 Rh1 54. Kc3 Rc1+ 55. Kd3 Rc4 56. Bd4 Kd6 57. Kd2 f4 58. Kd3 fxe3 59. Kxe3 Rc1 60. Kd3 Rh1 61. Kc3 Rh3+ 62. Kb4 Kc6 63. b3 Rd3 64. Bc5 d4 65. a4 bxa4 66. bxa4 Kd5 67. a5 Rd1 68. a6 Rb1+ 0-1


[Site "https://www.chess.com"]

[Event "Titled Tuesday Blitz June 20 Early 2023"]
[White "Sviridov, Valery"]
[Black "Fus, Jakub"]
[WhiteFideId "4120680"]
[BlackFideId "1193023"]
[WhiteElo "2457"]
[BlackElo "2335"]
[Result "1-0"]
[Round "3"]
[TimeControl "180+2"]
[Date "2023.06.20"]
[WhiteClock "0:00:47"]
[BlackClock "0:00:04"]
[Board "14"]

1. g3 d5 2. Bg2 c6 3. Nf3 Nf6 4. O-O Bg4 5. d4 Nbd7 6. Nbd2 e6 7. Re1 Be7 8. e4 O-O 9. c3 a5 10. Qb3 dxe4 11. Nxe4 Nxe4 12. Rxe4 Nf6 13. Re1 Qd5 14. Ne5 Qxb3 15. axb3 Bf5 16. Nc4 Bc2 17. Bg5 a4 18. bxa4 Rxa4 19. Nb6 Rxa1 20. Rxa1 Nd5 21. Bxe7 Nxe7 22. Ra7 Nd5 23. Rxb7 g5 24. h3 Bd3 25. Bf1 Bxf1 26. Kxf1 Rd8 27. Nc4 Ra8 28. Ne5 Ra1+ 29. Kg2 f6 30. Nxc6 Rd1 31. Ne7+ Nxe7 32. Rxe7 Re1 33. d5 e5 34. d6 Kf8 35. c4 Rd1 36. c5 Rd5 37. b4 Rxd6 38. cxd6 1-0


[Site "https://www.chess.com"]

[Event "Titled Tuesday Blitz June 20 Early 2023"]
[White "Morefield, Jason"]
[Black "Puranik, Abhimanyu"]
[WhiteFideId "30920825"]
[BlackFideId "5061245"]
[WhiteElo "2171"]
[BlackElo "2460"]
[Result "1-0"]
[Round "3"]
[TimeControl "180+2"]
[Date "2023.06.20"]
[WhiteClock "0:00:06"]
[BlackClock "0:00:00"]
[Board "15"]

1. e4 e6 2. d4 d5 3. Nc3 Bb4 4. e5 c5 5. a3 Bxc3+ 6. bxc3 Ne7 7. Qg4 Qc7 8. Bd3 cxd4 9. Ne2 dxc3 10. Qxg7 Rg8 11. Qxh7 Qxe5 12. Bf4 Qf6 13. h4 Nbc6 14. Bg5 Qh8 15. Qxh8 Rxh8 16. Bf6 Rh6 17. Bg7 Rh5 18. g4 Re5 19. h5 f5 20. g5 Kf7 21. Bxe5 Nxe5 22. f4 N5c6 23. Nxc3 Bd7 24. Kd2 Rc8 25. Rag1 a6 26. Na4 Rh8 27. Nc5 Bc8 28. Rb1 b5 29. a4 bxa4 30. Nxa4 a5 31. Nc5 Nb4 32. c3 Nbc6 33. Rb6 e5 34. Bb5 Na7 35. Rf6+ Kg8 36. Bd7 exf4 37. Be6+ Bxe6 38. Nxe6 Kh7 39. Rf7+ Kg8 40. Rxe7 1-0


[Site "https://www.chess.com"]

[Event "Titled Tuesday Blitz June 20 Early 2023"]
[White "Gordievsky, Dmitry"]
[Black "Petrosian, Karlen"]
[WhiteFideId "24112798"]
[BlackFideId "4176146"]
[WhiteElo "2546"]
[BlackElo "2345"]
[Result "1-0"]
[Round "3"]
[TimeControl "180+2"]
[Date "2023.06.20"]
[WhiteClock "0:00:04"]
[BlackClock "0:00:17"]
[Board "16"]

1. Nf3 Nf6 2. c4 g6 3. d4 d6 4. g3 Bg7 5. Nc3 Bf5 6. Bg2 Ne4 7. Qb3 Nxc3 8. bxc3 Be4 9. O-O O-O 10. Bh3 b6 11. Nd2 Bb7 12. e4 Nc6 13. Re1 Na5 14. Qc2 c5 15. d5 Ba6 16. Bf1 e6 17. a4 Qf6 18. Bb2 Rae8 19. Rad1 Qd8 20. Bc1 Qd7 21. Bd3 e5 22. Bf1 h5 23. Qa2 f5 24. Nf3 Bf6 25. exf5 Qxf5 26. Nd2 Bg5 27. Ne4 Bxc1 28. Rxc1 Rd8 29. Bd3 Qg4 30. Re3 Kg7 31. h4 Bc8 32. Ng5 Rf6 33. Rce1 Rdf8 34. R1e2 Kg8 35. Qc2 Ba6 36. Bxg6 Bxc4 37. Bd3 Bxd5 38. Bc4 Nxc4 39. Qh7# 1-0


[Site "https://www.chess.com"]

[Event "Titled Tuesday Blitz June 20 Early 2023"]
[White "Terry, Renato"]
[Black "Atakhan, Abtin"]
[WhiteFideId "3803457"]
[BlackFideId "22502203"]
[WhiteElo "2575"]
[BlackElo "2008"]
[Result "0-1"]
[Round "3"]
[TimeControl "180+2"]
[Date "2023.06.20"]
[WhiteClock "0:00:02"]
[BlackClock "0:00:06"]
[Board "17"]

1. d4 Nf6 2. Nf3 g6 3. Bg5 Bg7 4. c3 O-O 5. Nbd2 d6 6. e4 c5 7. dxc5 dxc5 8. Bc4 Nc6 9. Qe2 Qc7 10. O-O h6 11. Bxf6 exf6 12. Nh4 Ne5 13. Bd5 Rd8 14. f4 Nc6 15. Nxg6 f5 16. Nh4 Qe7 17. Bxc6 bxc6 18. g3 a5 19. Rfe1 fxe4 20. Qxe4 Qb7 21. Nc4 Be6 22. Rab1 Bd5 23. Qe2 Qb5 24. Na3 Qxe2 25. Rxe2 Bxa2 26. Rbe1 Be6 27. f5 Bd5 28. Ng2 Rab8 29. Nf4 c4 30. Rd2 Bf8 31. Red1 Bc5+ 32. Kf1 Be3 33. Re2 Bxf4 34. gxf4 Kg7 35. Rdd2 Kf6 36. Re5 Rd7 37. Kf2 Rdb7 38. Ree2 Rg8 39. Rd4 Rg2+ 40. Ke1 Rxe2+ 41. Kxe2 Rxb2+ 42. Kd1 Rb3 43. Nxc4 Rxc3 44. Ne5 Rh3 45. Ra4 Kxf5 46. Ke2 Rxh2+ 47. Ke3 Ra2 48. Rd4 Ra3+ 49. Kf2 f6 50. Nd3 Ra2+ 51. Kg3 Be4 52. Nc5 Rg2+ 53. Kh3 Re2 54. Kg3 Re3+ 55. Kf2 Rf3+ 56. Ke2 Rxf4 57. Ke3 Rf3+ 58. Ke2 Bd5 59. Nd3 Rh3 60. Ra4 Rh2+ 61. Ke3 Ra2 62. Rh4 Ra3 63. Kd2 Kg5 64. Rh3 h5 65. Rg3+ Kh6 66. Rh3 Bc4 67. Rh4 Rxd3+ 68. Kc2 Bb5 69. Rf4 Rd6 70. Kc3 Kg5 71. Rf2 Rd3+ 72. Kc2 h4 73. Rg2+ Rg3 74. Rf2 h3 0-1


[Site "https://www.chess.com"]

[Event "Titled Tuesday Blitz June 20 Early 2023"]
[White "Rastbod, Ali"]
[Black "Tabatabaei, M. Amin"]
[WhiteFideId "12567477"]
[BlackFideId "12521213"]
[WhiteElo "2281"]
[BlackElo "2575"]
[Result "0-1"]
[Round "3"]
[TimeControl "180+2"]
[Date "2023.06.20"]
[WhiteClock "0:00:00"]
[BlackClock "0:00:17"]
[Board "18"]

1. c4 e6 2. g3 d5 3. Bg2 Nf6 4. Nf3 Be7 5. O-O O-O 6. d4 dxc4 7. Qc2 a6 8. a4 Nbd7 9. Nbd2 b6 10. Nxc4 Bb7 11. Rd1 Rc8 12. Bf4 Nd5 13. Nfe5 Nxe5 14. Bxe5 Nb4 15. Qb3 Bxg2 16. Kxg2 Qd5+ 17. f3 Rfd8 18. e4 Qb7 19. Bf4 h6 20. Be3 a5 21. Rac1 Bf6 22. Na3 c6 23. Qc4 Rd7 24. Nc2 b5 25. Qb3 Nxc2 26. Rxc2 Rcd8 27. axb5 cxb5 28. Rcd2 a4 29. Qc2 Rc7 30. Qd3 b4 31. d5 exd5 32. exd5 Rcd7 33. Qc4 a3 34. bxa3 bxa3 35. Qa4 Bb2 36. Qc4 Re8 37. Bf2 Rc8 38. Qa2 Rc3 39. Rd3 Rc2 40. R1d2 Rxd2 41. Rxd2 Qb5 42. d6 Qc6 43. Qb3 Kh7 44. Qd3+ g6 45. Qb3 Kg7 46. Bd4+ Bxd4 47. Rxd4 Rxd6 48. Qe3 Rxd4 49. Qxd4+ Qf6 50. Qa4 Qb2+ 51. Kh3 a2 0-1


[Site "https://www.chess.com"]

[Event "Titled Tuesday Blitz June 20 Early 2023"]
[White "Martinez Ramirez, Lennis"]
[Black "Svane, Rasmus"]
[WhiteFideId "3509079"]
[BlackFideId "4657101"]
[WhiteElo "2410"]
[BlackElo "2601"]
[Result "0-1"]
[Round "3"]
[TimeControl "180+2"]
[Date "2023.06.20"]
[WhiteClock "0:00:00"]
[BlackClock "0:01:26"]
[Board "19"]

1. c4 e6 2. Nc3 d5 3. d4 a6 4. cxd5 exd5 5. Bf4 Nf6 6. e3 Bd6 7. Bg3 c6 8. Bd3 Qe7 9. Bxd6 Qxd6 10. Qc2 a5 11. Nf3 Na6 12. a3 O-O 13. h3 Re8 14. O-O Nc7 15. Ne5 c5 16. f4 c4 17. Be2 b5 18. Bf3 Bb7 19. Ne2 Ne4 20. Bxe4 dxe4 21. Ng3 f6 22. Ng4 Qe6 23. f5 Qf7 24. Qe2 b4 25. Rac1 Ba6 26. Rf4 c3 27. Qc2 Bd3 28. Qf2 Nd5 29. bxc3 bxc3 30. Ne2 Bxe2 31. Qxe2 Nxf4 32. exf4 Rac8 33. Ne3 Qb3 34. d5 c2 35. Kh2 Qd3 36. Rxc2 Rxc2 37. Qxc2 Qxe3 38. Qc7 Qd2 0-1


[Site "https://www.chess.com"]

[Event "Titled Tuesday Blitz June 20 Early 2023"]
[White "Makarian, Rudik"]
[Black "Ajay Karthikeyan"]
[WhiteFideId "44105681"]
[BlackFideId "35011685"]
[WhiteElo "2451"]
[BlackElo "2321"]
[Result "1/2-1/2"]
[Round "3"]
[TimeControl "180+2"]
[Date "2023.06.20"]
[WhiteClock "0:00:03"]
[BlackClock "0:00:10"]
[Board "20"]

1. d4 Nf6 2. c4 g6 3. Nc3 Bg7 4. e4 d6 5. Be2 O-O 6. Be3 Na6 7. Nf3 Ng4 8. Bg5 h6 9. Bh4 c5 10. O-O Bd7 11. Qd2 Rc8 12. Rad1 Re8 13. b3 Qa5 14. Nd5 Qxd2 15. Rxd2 g5 16. Bg3 Bc6 17. h3 Bxd5 18. exd5 Nf6 19. Bd3 Nh5 20. Bf5 Nxg3 21. fxg3 Rcd8 22. Kh2 Bf6 23. g4 Kg7 24. g3 Nc7 25. dxc5 dxc5 26. Re2 e6 27. dxe6 Nxe6 28. Bxe6 Rxe6 29. Rxe6 fxe6 30. Re1 Kf7 31. Kg2 Rd3 32. Re2 a5 33. Rd2 Rc3 34. Rd7+ Kg8 35. Nd2 Bd4 36. Ne4 Re3 37. Nd6 Re2+ 38. Kf3 Re3+ 39. Kg2 Re2+ 40. Kf1 Rf2+ 41. Ke1 Rxa2 42. Nxb7 a4 43. bxa4 Rxa4 44. Nd8 Rxc4 45. Nxe6 Rc3 46. Nxd4 cxd4 47. Kf2 Rd3 48. h4 gxh4 49. gxh4 Rh3 50. h5 d3 51. Kg2 Re3 52. Kf2 Rh3 53. Ke1 Rg3 54. Rd4 Kg7 55. Kf2 Rh3 56. Kg2 Re3 57. Kf2 Rh3 58. Rd6 Kh7 59. Rd7+ Kg8 1/2-1/2


[Site "https://www.chess.com"]

[Event "Titled Tuesday Blitz June 20 Early 2023"]
[White "Itgelt, Khuyagtsogt"]
[Black "Gurel, Ediz"]
[WhiteFideId "4902912"]
[BlackFideId "44507356"]
[WhiteElo "2227"]
[BlackElo "2352"]
[Result "0-1"]
[Round "3"]
[TimeControl "180+2"]
[Date "2023.06.20"]
[WhiteClock "0:00:03"]
[BlackClock "0:00:11"]
[Board "21"]

1. d4 Nf6 2. c4 e6 3. Nf3 b6 4. g3 Bb4+ 5. Bd2 Qe7 6. Bg2 Bb7 7. O-O O-O 8. a3 Bxd2 9. Nbxd2 c5 10. dxc5 bxc5 11. Qc2 Nc6 12. e3 Rab8 13. Rfd1 Ba8 14. Ng5 h6 15. Nge4 Rfd8 16. Rab1 Ne5 17. Qc3 d6 18. h3 Rbc8 19. Nxf6+ Qxf6 20. Bxa8 Rxa8 21. f4 Qg6 22. Kg2 Nc6 23. b4 cxb4 24. axb4 d5 25. Nf3 dxc4 26. Qxc4 Rdc8 27. Qd3 Qf6 28. Rd2 Rd8 29. Qc4 Rxd2+ 30. Nxd2 Ne7 31. Ne4 Qg6 32. Rd1 Nd5 33. Qd4 Rb8 34. Nf2 Rxb4 35. Qxa7 Rb3 36. Re1 h5 37. Qd4 h4 38. g4 Qc2 39. Qe4 Qxe4+ 40. Nxe4 Nxe3+ 41. Kh2 Nd5 42. Rf1 Rb4 43. Ng5 Nxf4 44. Nf3 Rb2+ 45. Kh1 Nxh3 46. Nxh4 Nf2+ 47. Kg2 Nxg4+ 48. Kf3 Nh2+ 0-1


[Site "https://www.chess.com"]